Construct Weapon Support Center
Selects Airborne Battlegroup
Mechanized Support Center
Construct Medical Station
Selects Paratrooper Squad Paradrop
M3 Armored Personnel Carrier
Paratrooper Squad Paradrop
M3 Armored Personnel Carrier
Selects Anti-tank Gun Team Paradrop
Designate Forward Repair Station
Paratrooper Squad Paradrop
M4(105) Sherman Bulldozer
Selects Dual P-47 Rocket Strike
M1918 Browning Automatic Rifles